Map: Taito Citadel LE

Players

HoldTheDoor - Winner!

  • Race: Protoss Protoss
  • League: Diamond
  • Spawn Location: 11:00

Кас

  • Race: Terran Terran
  • League: Diamond
  • Spawn Location: 5:00

VOD

Have the link to the VOD?

Description

Time

  • Played on: May 17, 2026, 12:32 p.m.
  • Length: 14:49
Show
View Real Time Build Order
Export as new Build Order

HoldTheDoor Protoss - Winner!

Build Orders: 1 Gate Expand 

Get SALT Encoding   

  12  0:00  Probe  
  13  0:12  Probe  
  14  0:18  Pylon  
  14  0:24  Probe  
  15  0:32  Probe  
  15  0:39  Gateway  
  16  0:43  Probe  
  17  0:51  Assimilator  
  17  0:55  Probe  
  18  1:07  Probe  
  18  1:11  Pylon  
  19  1:19  Probe  
  20  1:41  Cybernetics Core, Assimilator  
  20  1:42  Nexus  
  20  1:47  Pylon  
  20  1:51  Probe  
  21  2:03  Probe  
  21  2:07  Adept  
  23  2:15  Probe  
  23  2:18  Warp Gate  
  23  2:21  Shield Battery  
  25  2:27  Probe  
  26  2:37  Sentry  
  26  2:39  Shield Battery, Probe  
  29  2:52  Probe  
  30  3:01  Probe  
  30  3:04  Probe  
  32  3:10  Pylon  
  32  3:12  Robotics Facility  
  32  3:13  Probe  
  32  3:18  Probe  
  34  3:22  Stalker  
  34  3:25  Probe  
  37  3:30  Probe  
  38  3:35  Gateway  
  38  3:37  Gateway  
  38  3:38  Probe  
  39  3:42  Probe  
  40  3:53  Shield Battery  
  40  3:54  Pylon  
  40  3:55  Immortal  
  40  3:59  Gateway  
  44  4:11  Adept  
  46  4:19  Gateway  
  46  4:28  Pylon, Immortal  
  46  4:31  Adept  
  46  4:32  Adept  
  50  4:45  Pylon  
  54  4:55  Zealot x2  
  54  4:56  Zealot  
  54  4:58  Sentry  
  54  5:23  Stalker x4  
  54  5:24  Stalker  
  64  5:35  Probe x2  
  66  5:36  Immortal  
  70  5:47  Pylon  
  70  5:48  Zealot  
  72  5:52  Probe  
  72  5:53  Assimilator x2, Probe  
  74  5:57  Pylon  
  74  6:10  Zealot  
  74  6:11  Zealot x3  
  82  6:13  Sentry  
  82  6:14  Probe  
  82  6:15  Observer  
  86  6:20  Probe  
  87  6:26  Probe  
  87  6:28  Pylon  
  87  6:32  Probe, Robotics Bay  
  89  6:38  Probe  
  88  6:53  Zealot x2  
  88  6:54  Zealot x3  
  96  7:05  Probe x2  
  96  7:18  Pylon  
  96  7:23  Forge  
  100  7:30  Pylon  
  100  7:33  Pylon  
  100  7:34  Stargate  
  100  7:37  Pylon, Probe  
  100  7:38  Colossus, Pylon  
  100  7:43  Extended Thermal Lance  
  103  7:53  Stalker  
  103  7:55  Zealot  
  101  8:13  Probe  
  101  8:14  Probe  
  101  8:19  Photon Cannon  
  103  8:22  Phoenix  
  103  8:25  Photon Cannon  
  105  8:28  Colossus  
  105  8:30  Photon Cannon  
  105  8:32  Photon Cannon, Protoss Ground Weapons Level 1  
  105  9:03  Nexus  
  105  9:07  Pylon, Zealot  
  105  9:09  Sentry  
  109  9:23  Twilight Council  
  91  10:12  Stalker x3  
  91  10:13  Stalker x2  
  77  10:15  Protoss Ground Armor Level 1  
  71  10:23  Colossus  
  71  10:25  Probe  
  78  10:38  Nexus, Phoenix  
  78  10:42  Pylon  
  78  10:43  Charge  
  78  10:45  Probe, Pylon  
  78  10:46  Gateway  
  78  10:47  Gateway  
  81  10:50  Gateway  
  81  10:52  Gateway  
  81  11:00  Templar Archives  
  81  11:05  Sentry x2  
  81  11:07  Zealot x2  
  89  11:15  Shield Battery  
  89  11:18  Shield Battery  
  89  11:22  Colossus  
  89  11:23  Photon Cannon  
  89  11:31  Psionic Storm  
  95  11:50  Probe x2  
  95  11:51  Probe  
  98  12:01  Photon Cannon, High Templar x2  
  98  12:02  Probe, High Templar  
  98  12:04  High Templar  
  107  12:09  Assimilator  
  107  12:16  Observer  
  108  12:25  Zealot x5  
  118  12:37  High Templar x2  
  118  12:38  High Templar x2  
  118  12:41  Archon  
  118  12:42  Archon  
  126  12:56  Photon Cannon  
  126  12:57  Photon Cannon  
  126  12:58  Zealot x5  
  92  13:31  Stalker x2  
  92  13:32  Stalker x7  
  80  14:04  Zealot  
  80  14:05  Zealot x7  
  80  14:06  Zealot  
Show
View Real Time Build Order
Export as new Build Order

Кас Terran 

Build Orders:  

Get SALT Encoding   

  12  0:00  SCV  
  13  0:12  SCV  
  14  0:17  Supply Depot  
  14  0:24  SCV  
  15  0:39  SCV  
  15  0:40  Barracks  
  16  0:44  Refinery  
  16  0:51  SCV  
  17  1:03  SCV  
  18  1:15  SCV  
  19  1:21  Barracks  
  19  1:26  Supply Depot  
  19  1:33  Refinery  
  19  1:34  Reaper  
  20  1:40  Orbital Command  
  20  2:09  SCV  
  20  2:10  Factory  
  21  2:20  Barracks Tech Lab  
  21  2:27  SCV  
  21  2:29  Barracks Reactor  
  22  2:34  Supply Depot  
  22  2:39  SCV  
  22  2:40  Marine  
  24  2:44  Barracks  
  24  2:54  SCV  
  24  2:58  Marine  
  26  3:02  Stimpack  
  26  3:03  Factory Tech Lab  
  25  3:07  Marine x2  
  25  3:08  Starport, SCV  
  28  3:16  Marine  
  29  3:26  Supply Depot, Marine x2  
  31  3:30  Siege Tank  
  34  3:36  Barracks Reactor, Marine  
  35  3:45  Marine x2  
  37  3:52  Medivac  
  39  3:57  Marine  
  40  4:03  Supply Depot  
  40  4:18  Command Center  
  40  4:19  SCV  
  41  4:25  Marine x2  
  41  4:30  Marine x2  
  45  4:35  Medivac  
  47  4:43  Supply Depot  
  47  4:45  SCV  
  48  4:47  Marine  
  49  4:53  Marine  
  49  4:57  SCV  
  49  4:59  Marine  
  51  5:00  Marine  
  53  5:09  SCV  
  40  5:26  Marine x4  
  40  5:27  Marine  
  45  5:28  Starport Tech Lab  
  45  5:31  Siege Tank  
  48  5:44  Marine  
  48  5:46  Marine x2  
  48  5:48  SCV, Supply Depot  
  53  5:51  Orbital Command  
  53  5:54  Marine x2  
  54  6:05  Barracks  
  54  6:07  Starport Reactor  
  54  6:08  SCV  
  55  6:11  Marine  
  56  6:18  SCV  
  56  6:20  SCV  
  58  6:26  Supply Depot  
  58  6:28  Marine x3  
  58  6:30  SCV  
  58  6:31  Marine  
  53  6:56  Marine x4  
  53  6:57  SCV x2  
  59  7:07  Marauder  
  59  7:08  Combat Shield  
  61  7:14  Marine x3, Marauder  
  65  7:15  SCV  
  65  7:16  SCV  
  67  7:24  Marine  
  67  7:27  Medivac x2  
  67  7:28  Marauder  
  74  7:30  Command Center  
  74  7:31  Marine  
  74  7:34  Marine  
  74  7:35  Marauder  
  74  7:37  Engineering Bay  
  78  7:41  Siege Tank  
  78  7:42  Marine  
  82  7:56  Marine x4  
  82  7:57  Marine  
  83  8:09  Marine  
  83  8:11  Terran Infantry Weapons Level 1  
  79  8:14  Marine x2  
  79  8:15  Marauder  
  79  8:16  Engineering Bay  
  79  8:18  SCV x2  
  85  8:30  SCV x2  
  85  8:31  Medivac x2  
  85  8:33  Marine x2  
  93  8:40  Marine  
  94  8:42  Marine, Marauder  
  97  8:50  Supply Depot x2  
  97  8:57  Marine x2  
  97  8:58  Marauder, Marine  
  97  9:00  Marine  
  103  9:05  Terran Infantry Armor Level 1  
  103  9:09  Concussive Shells  
  103  9:10  Armory, Orbital Command  
  103  9:12  SCV x2  
  105  9:19  Supply Depot  
  105  9:24  Marine x2, Marauder  
  109  9:35  Marine x2, Marauder  
  109  9:36  Supply Depot  
  113  9:41  Marine  
  113  9:42  Marine  
  113  9:45  Marine  
  113  9:53  Marine x2  
  113  9:57  Marauder  
  113  9:59  Marine  
  117  10:03  Marauder  
  85  10:15  Marine x3  
  85  10:18  Marauder  
  84  10:23  Orbital Command  
  84  10:25  Marauder  
  86  10:32  Marine x3  
  89  10:39  Marine  
  89  10:40  Marauder  
  92  10:46  Marauder  
  94  10:55  Barracks  
  94  10:57  SCV x2  
  94  10:59  SCV  
  94  11:01  Marauder  
  94  11:02  Terran Infantry Weapons Level 2  
  94  11:03  Barracks  
  99  11:07  Marauder  
  99  11:09  SCV x2  
  103  11:13  Viking x2  
  107  11:20  Marine x2  
  107  11:21  Marine  
  107  11:22  Marine, Marauder  
  107  11:23  Starport  
  114  11:25  SCV  
  114  11:29  Marauder, Refinery  
  114  11:30  SCV, Refinery  
  117  11:35  SCV  
  117  11:37  SCV  
  117  11:38  Marine  
  120  11:41  Marine x2, Supply Depot  
  120  11:42  SCV  
  120  11:44  Marauder  
  120  11:46  Viking  
  120  11:47  Supply Depot  
  127  11:48  Viking  
  127  11:51  Terran Infantry Armor Level 2  
  129  11:58  Barracks Reactor  
  129  11:59  Barracks Reactor, Supply Depot  
  129  12:01  SCV x2  
  131  12:13  Command Center  
  130  12:24  Marine  
  130  12:25  Marine x4, Marauder  
  137  12:33  Starport Reactor  
  137  12:37  Refinery x2  
  137  12:39  Viking x2  
  137  12:42  Marine x2  
  137  12:43  Marine x2  
  145  12:45  Supply Depot  
  145  12:49  SCV  
  145  12:50  SCV x2  
  148  12:58  Marauder x2, Marine  
  152  13:00  Marine  
  152  13:01  Marine  
  95  13:20  Marine x2  
  95  13:21  Marauder x2, Marine x5  
  95  13:22  Marine  
  85  13:34  Orbital Command  
  83  13:38  Marine x3  
  83  13:39  Marine x2  
  85  13:42  Marauder x2  
  85  13:46  Marine x2  
  85  13:53  Marine  
  56  13:56  Marine  
  56  13:59  Marine  
  48  14:03  Marauder  
  48  14:04  Marauder  
  48  14:07  Marine  
  48  14:08  Marine x2  
Tags
 
Add a new tag
Caveats
  • Supply blocks, unpowered buildings, or Contaminate may cause inaccurate times.
  • Supply counts are checked every 10 seconds.